Map: Eternal Empire LE

Players

MCanning - Winner!

  • Race: Protoss Protoss
  • Spawn Location: 1:00

Silky

  • Race: Zerg Zerg
  • Spawn Location: 7:00

Event: DreamHack SC2 Masters 2020 Fall

VOD

Have the link to the VOD?

Description

Time

  • Played on: Sept. 3, 2020, 5:53 p.m.
  • Length: 26:55

All games in this series

Show
View Real Time Build Order
Export as new Build Order

MCanning Protoss - Winner!

Build Orders: 1 Gate Expand, Oracle Opening, Carriers, Chargelot Immortal 

Get SALT Encoding   

  12  0:00  Probe  
  13  0:12  Probe  
  14  0:19  Pylon  
  14  0:24  Probe  
  15  0:37  Probe (Chrono Boost)  
  15  0:38  Gateway  
  16  0:48  Assimilator, Probe (Chrono Boost)  
  17  0:53  Probe (Chrono Boost)  
  18  1:04  Probe  
  19  1:16  Unknown, Probe  
  19  1:17  Unknown  
  19  1:18  Unknown  
  20  1:24  Nexus  
  20  1:34  Cybernetics Core  
  20  1:36  Probe  
  21  1:44  Pylon  
  21  1:50  Assimilator  
  21  1:53  Probe  
  22  2:05  Probe  
  22  2:08  Stalker (Chrono Boost)  
  25  2:17  Probe  
  26  2:28  Stargate  
  26  2:29  Probe  
  27  2:31  Adept (Chrono Boost)  
  27  2:36  Probe  
  30  2:43  Probe  
  24  2:44  Warp Gate  
  31  2:48  Probe  
  32  2:55  Probe  
  32  2:56  Gateway  
  32  3:00  Probe  
  33  3:06  Void Ray (Chrono Boost)  
  33  3:07  Probe  
  34  3:13  Probe  
  40  3:22  Probe (Chrono Boost)  
  40  3:24  Pylon  
  40  3:25  Probe (Chrono Boost)  
  43  3:35  Probe (Chrono Boost)  
  43  3:36  Probe (Chrono Boost)  
  43  3:39  Oracle (Chrono Boost)  
  43  3:40  Probe (Chrono Boost)  
  43  3:44  Probe  
  43  3:45  Assimilator  
  48  3:51  Assimilator, Probe  
  49  3:56  Probe  
  49  3:59  Robotics Facility  
  50  4:03  Probe  
  50  4:08  Probe  
  52  4:15  Probe  
  53  4:20  Probe  
  54  4:29  Nexus  
  54  4:31  Pylon  
  54  4:42  Pylon  
  54  4:46  Pylon  
  54  4:49  Observer (Chrono Boost), Probe x2  
  57  4:57  Forge  
  57  4:59  Twilight Council  
  57  5:01  Probe (Chrono Boost)  
  57  5:03  Adept x2  
  57  5:04  Probe (Chrono Boost)  
  63  5:13  Probe (Chrono Boost)  
  65  5:16  Immortal (Chrono Boost), Probe (Chrono Boost)  
  65  5:18  Probe (Chrono Boost)  
  70  5:24  Sentry x2  
  70  5:25  Probe  
  70  5:26  Protoss Ground Weapons Level 1 (Chrono Boost)  
  70  5:27  Probe  
  76  5:29  Charge  
  76  5:31  Pylon  
  76  5:37  Observer, Probe  
  76  5:39  Probe  
  76  5:41  Probe  
  77  5:49  Sentry, Immortal, Probe  
  84  5:51  Probe  
  84  5:53  Probe  
  86  6:01  Probe  
  86  6:03  Adept, Probe  
  90  6:05  Probe  
  74  6:13  Probe  
  74  6:15  Probe  
  74  6:16  Stalker  
  74  6:17  Probe  
  69  6:24  Oracle  
  72  6:25  Probe  
  72  6:28  Probe  
  72  6:30  Probe  
  72  6:32  Templar Archives, Gateway  
  75  6:34  Pylon  
  75  6:38  Probe (Chrono Boost)  
  76  6:42  Probe (Chrono Boost)  
  76  6:43  Probe (Chrono Boost)  
  78  6:49  Sentry x2  
  78  6:50  Probe (Chrono Boost)  
  78  6:53  Probe (Chrono Boost)  
  85  6:55  Probe x2 (Chrono Boost)  
  85  6:57  Probe (Chrono Boost)  
  85  6:58  Photon Cannon  
  87  7:03  Gateway  
  87  7:04  Probe x2  
  87  7:06  Gateway, Photon Cannon  
  87  7:08  Probe  
  88  7:13  High Templar x2  
  92  7:16  Probe x2  
  92  7:17  Archon  
  92  7:20  Photon Cannon, Probe  
  95  7:23  Immortal (Chrono Boost)  
  95  7:24  Assimilator  
  95  7:27  Assimilator, Protoss Ground Weapons Level 2 (Chrono Boost)  
  95  7:28  Probe  
  100  7:30  Shield Battery  
  100  7:33  Pylon  
  100  7:36  Psionic Storm  
  100  7:41  Pylon  
  100  7:42  Gateway  
  100  7:44  Gateway  
  100  7:48  Pylon  
  100  7:59  Immortal  
  104  8:07  High Templar  
  104  8:15  High Templar  
  104  8:19  Photon Cannon  
  105  8:23  Stalker x2  
  105  8:25  Zealot  
  111  8:28  Gateway  
  111  8:31  Gateway  
  111  8:32  Shield Battery  
  111  8:34  Pylon  
  111  8:36  Pylon  
  111  8:37  High Templar  
  111  8:38  Warp Prism, Pylon  
  115  8:45  High Templar  
  115  8:47  Zealot  
  115  8:48  Zealot x3  
  125  8:53  Probe  
  124  8:57  High Templar  
  126  9:05  Probe  
  126  9:08  Photon Cannon  
  126  9:10  Shield Battery  
  126  9:12  Zealot x4  
  126  9:13  Nexus  
  126  9:15  Immortal, Pylon  
  138  9:17  High Templar  
  140  9:24  Probe  
  141  9:32  Fleet Beacon  
  140  9:42  Zealot x3  
  142  9:51  Probe  
  129  9:53  Phoenix (Chrono Boost)  
  129  9:54  Immortal, Stalker x2  
  129  9:55  Protoss Ground Weapons Level 3  
  135  10:00  Probe  
  135  10:03  High Templar  
  138  10:11  Assimilator, High Templar  
  140  10:15  Assimilator  
  140  10:18  Photon Cannon  
  140  10:20  Photon Cannon  
  140  10:24  Stargate  
  140  10:32  Zealot x2  
  140  10:33  Zealot x3  
  148  10:36  Probe  
  148  10:37  Probe  
  148  10:41  Observer (Chrono Boost)  
  151  10:43  Protoss Air Weapons Level 1  
  147  10:51  Zealot x3  
  147  10:52  Zealot  
  155  10:57  Zealot x2  
  155  10:58  Zealot  
  155  11:06  Mothership (Chrono Boost)  
  155  11:10  Zealot x2  
  159  11:16  Zealot  
  159  11:17  Zealot x2  
  165  11:22  Immortal (Chrono Boost)  
  165  11:28  Stalker  
  165  11:32  Pylon  
  159  11:34  Pylon  
  153  11:41  Stalker x2  
  153  11:44  Carrier  
  153  11:45  Probe (Chrono Boost)  
  153  11:46  Carrier  
  153  11:47  Stalker x2  
  153  11:48  Probe (Chrono Boost), Stalker  
  153  11:52  High Templar  
  159  12:01  Observer (Chrono Boost)  
  166  12:06  Zealot x2  
  168  12:12  Zealot x2  
  168  12:13  Zealot  
  150  12:25  Zealot  
  150  12:26  Immortal  
  150  12:28  Probe x2  
  148  12:30  Zealot x2  
  148  12:44  Zealot x2  
  150  12:58  Probe  
  150  13:00  Photon Cannon  
  150  13:04  Photon Cannon  
  150  13:05  Immortal  
  151  13:16  High Templar  
  151  13:17  Shield Battery, Probe  
  151  13:19  High Templar, Pylon  
  155  13:26  Carrier  
  157  13:31  Zealot x3  
  151  13:44  Probe  
  150  13:59  Zealot  
  150  14:00  Zealot x5  
  160  14:05  Observer (Chrono Boost)  
  160  14:06  Probe  
  162  14:11  Carrier  
  154  14:21  Nexus  
  154  14:23  Zealot x2  
  154  14:24  Pylon  
  164  14:31  Zealot, Mothership (Chrono Boost)  
  151  14:42  Carrier  
  151  14:46  Zealot x4  
  166  14:53  Probe (Chrono Boost)  
  166  15:00  Zealot x2  
  160  15:18  Carrier  
  160  15:19  Probe (Chrono Boost)  
  164  15:22  High Templar x4  
  164  15:23  High Templar x2  
  176  15:34  Photon Cannon  
  176  15:35  Photon Cannon  
  174  15:36  Observer (Chrono Boost)  
  174  15:37  Photon Cannon  
  173  15:47  Cybernetics Core  
  173  15:49  Cybernetics Core  
  173  15:55  Observer (Chrono Boost)  
  172  16:02  High Templar x5  
  172  16:03  Probe (Chrono Boost)  
  182  16:06  Unknown, Archon x2  
  182  16:09  Observer (Chrono Boost)  
  180  16:15  Photon Cannon x2  
  186  16:25  Carrier (Chrono Boost)  
  186  16:27  Warp Prism (Chrono Boost)  
  186  16:29  Photon Cannon  
  186  16:30  Stalker  
  190  16:43  Protoss Air Weapons Level 2 (Chrono Boost)  
  190  16:45  Protoss Air Armor Level 1 (Chrono Boost)  
  190  16:51  Dark Shrine  
  189  17:00  Archon  
  189  17:05  Carrier (Chrono Boost)  
  189  17:09  Probe x2  
  189  17:10  Probe  
  189  17:13  Protoss Shields Level 1  
  188  17:17  Probe  
  188  17:18  Zealot x2  
  188  17:20  Probe  
  192  17:24  Carrier (Chrono Boost)  
  192  17:35  Stargate  
  198  17:40  Blink  
  198  17:46  Zealot  
  196  18:07  Nexus  
  196  18:10  Pylon  
  196  18:25  Robotics Bay  
  196  18:26  Carrier  
  196  18:27  Robotics Facility  
  196  18:31  Carrier  
  192  18:38  Photon Cannon  
  192  18:39  Photon Cannon  
  192  18:40  Protoss Air Armor Level 2 (Chrono Boost)  
  192  18:41  Protoss Air Weapons Level 3 (Chrono Boost), Photon Cannon  
  192  18:42  Photon Cannon  
  192  18:43  Shield Battery  
  192  18:46  Mothership (Chrono Boost), Photon Cannon  
  186  18:58  Dark Templar  
  186  19:01  Void Ray  
  188  19:03  Zealot  
  194  19:10  Dark Templar x2  
  194  19:14  Void Ray  
  192  19:19  Void Ray  
  186  19:31  Dark Templar x4  
  194  19:35  Assimilator  
  200  19:52  Assimilator  
  186  20:21  Protoss Shields Level 2 (Chrono Boost)  
  180  20:25  Dark Templar x2  
  180  20:26  Dark Templar  
  186  20:31  Zealot x3  
  174  20:47  Void Ray  
  174  20:50  Void Ray  
  174  21:00  Zealot x5  
  174  21:01  Zealot  
  186  21:05  Carrier (Chrono Boost)  
  186  21:19  Probe  
  186  21:24  Void Ray (Chrono Boost)  
  179  21:26  Void Ray (Chrono Boost)  
  167  21:37  Zealot x3, Nexus  
  167  21:38  Zealot x3, Pylon  
  181  21:44  Protoss Air Armor Level 3 (Chrono Boost)  
  177  22:00  Photon Cannon  
  177  22:01  Photon Cannon  
  177  22:02  Carrier  
  177  22:03  Photon Cannon  
  177  22:05  Photon Cannon  
  177  22:06  Zealot x4, Shield Battery  
  191  22:09  Void Ray, Pylon  
  191  22:12  Stalker  
  191  22:13  Unknown  
  197  22:18  Void Ray  
  199  22:35  Dark Templar x3  
  181  22:53  Void Ray (Chrono Boost), Mothership  
  181  22:54  Void Ray (Chrono Boost)  
  189  23:06  Zealot x3  
  195  23:17  Zealot x2  
  195  23:19  Archon  
  199  23:33  Nexus  
  199  23:36  Pylon  
  199  23:43  Probe  
  186  24:01  Carrier  
Show
View Real Time Build Order
Export as new Build Order

Silky Zerg 

Build Orders: Pool First, Lurkers 

Get SALT Encoding   

  12  0:00  Drone  
  13  0:12  Overlord  
  13  0:17  Drone  
  14  0:31  Drone x2  
  14  0:34  Drone  
  17  0:44  Extractor  
  17  0:45  Drone  
  17  0:49  Spawning Pool  
  16  0:55  Drone  
  17  1:06  Drone  
  18  1:17  Hatchery  
  17  1:27  Drone  
  18  1:35  Queen  
  18  1:36  Zergling x2  
  21  1:45  Overlord  
  21  1:51  Metabolic Boost  
  21  1:55  Drone  
  22  2:04  Drone  
  23  2:13  Drone  
  23  2:15  Queen  
  26  2:22  Drone  
  27  2:29  Drone  
  28  2:34  Drone  
  29  2:41  Hatchery  
  29  2:43  Drone  
  29  2:45  Drone  
  29  2:49  Drone  
  29  2:51  Drone  
  32  2:54  Drone  
  32  2:58  Overlord  
  33  3:05  Queen  
  35  3:09  Drone  
  36  3:18  Drone x3  
  39  3:23  Drone x2  
  41  3:29  Drone  
  41  3:30  Drone x2  
  41  3:32  Overlord  
  41  3:33  Spore Crawler  
  43  3:37  Drone  
  44  3:45  Evolution Chamber  
  44  3:46  Overlord  
  42  3:49  Drone  
  42  3:50  Queen  
  42  3:54  Queen  
  42  3:55  Drone  
  48  3:57  Drone  
  48  4:02  Overlord  
  49  4:05  Drone x2, Spore Crawler  
  49  4:07  Drone  
  49  4:08  Drone  
  52  4:10  Drone  
  52  4:13  Zerg Melee Weapons Level 1  
  52  4:16  Spore Crawler  
  52  4:17  Drone  
  52  4:20  Drone x2  
  52  4:22  Drone  
  56  4:27  Drone  
  56  4:28  Baneling Nest  
  56  4:31  Drone x3  
  58  4:35  Drone  
  58  4:36  Drone x2, Extractor  
  61  4:42  Overlord  
  61  4:44  Zergling x6  
  64  4:47  Overlord  
  64  4:50  Zergling x4  
  64  4:51  Overlord  
  66  4:55  Overlord  
  66  4:58  Overlord  
  66  5:01  Zergling x8  
  66  5:04  Zergling x2  
  66  5:06  Zergling x4  
  66  5:07  Zergling x2  
  74  5:13  Zergling x12  
  80  5:23  Zergling x4  
  80  5:24  Zergling x2  
  83  5:31  Zergling x2  
  83  5:32  Zergling x4  
  85  5:36  Baneling x10  
  85  5:39  Zergling x8  
  85  5:40  Zergling x4  
  90  5:45  Drone, Lair  
  90  5:46  Drone  
  90  5:48  Hatchery  
  88  5:52  Baneling x6  
  88  5:53  Drone x2  
  88  5:56  Drone  
  88  5:57  Drone x2  
  91  6:04  Drone x2  
  83  6:11  Drone x2  
  83  6:12  Drone  
  83  6:17  Roach Warren, Extractor  
  83  6:18  Extractor  
  77  6:20  Overlord  
  77  6:24  Zergling x2  
  77  6:25  Zergling x16  
  82  6:31  Overlord  
  79  6:35  Zergling x4  
  80  6:43  Drone x2  
  80  6:46  Zerg Missile Weapons Level 1  
  80  6:47  Drone x7, Overseer  
  85  6:53  Drone  
  90  6:58  Roach x5  
  100  7:03  Drone, Extractor x2  
  100  7:05  Roach  
  100  7:08  Drone x2  
  102  7:11  Drone  
  102  7:14  Drone x2  
  102  7:15  Drone  
  106  7:17  Drone  
  106  7:18  Drone  
  106  7:19  Drone, Queen, Infestation Pit, Hydralisk Den  
  109  7:25  Drone  
  109  7:26  Drone x5  
  115  7:37  Unknown  
  115  7:39  Drone x4  
  115  7:40  Drone x2  
  120  7:46  Spore Crawler  
  120  7:49  Hatchery  
  118  7:52  Hydralisk, Muscular Augments  
  118  7:54  Pneumatized Carapace, Overlord x5, Lurker Den  
  118  7:57  Baneling  
  118  7:58  Baneling x2  
  119  8:00  Zergling x2  
  119  8:02  Hive, Overlord  
  119  8:03  Overlord  
  120  8:08  Overlord  
  120  8:13  Hydralisk x3  
  120  8:14  Hydralisk  
  120  8:17  Zergling x14  
  133  8:22  Spine Crawler x2  
  133  8:23  Glial Reconstitution  
  133  8:26  Hydralisk x2  
  131  8:31  Drone x3  
  131  8:32  Roach x2  
  131  8:34  Hydralisk  
  142  8:35  Spore Crawler, Overseer  
  142  8:38  Hydralisk x2  
  147  8:41  Roach  
  147  8:42  Roach  
  147  8:47  Zerg Missile Weapons Level 2  
  151  8:50  Roach x3  
  151  8:54  Roach x3  
  161  9:00  Overlord x2  
  161  9:04  Grooved Spines  
  161  9:06  Drone x4  
  165  9:14  Roach x9  
  179  9:21  Spine Crawler  
  179  9:24  Roach  
  180  9:26  Seismic Spines  
  180  9:31  Overlord  
  179  9:32  Spine Crawler, Baneling x5  
  179  9:33  Roach, Spine Crawler  
  179  9:34  Roach, Spore Crawler  
  180  9:43  Roach x6  
  185  9:52  Hydralisk x6  
  166  9:59  Drone x5  
  175  10:00  Drone x3  
  175  10:02  Extractor  
  175  10:03  Extractor  
  175  10:08  Lurker x2  
  175  10:10  Overseer  
  175  10:13  Hydralisk x3  
  181  10:23  Hydralisk x3  
  181  10:24  Adaptive Talons  
  187  10:29  Lurker  
  187  10:34  Hatchery  
  187  10:35  Hydralisk x5  
  197  10:45  Spire  
  188  10:50  Hydralisk x4  
  173  11:04  Roach  
  173  11:05  Roach x12  
  173  11:07  Overlord  
  173  11:10  Overlord  
  195  11:13  Overlord x2  
  195  11:16  Zerg Missile Weapons Level 3  
  193  11:18  Evolution Chamber  
  186  11:26  Roach x7  
  191  11:37  Viper x2  
  191  11:38  Roach x2  
  191  11:39  Roach x3  
  189  11:45  Lurker x2  
  187  11:50  Roach x4, Zergling x4  
  187  11:51  Zergling x4  
  199  11:55  Zerg Ground Armor Level 1  
  193  12:13  Roach x13  
  179  12:25  Zergling x32  
  181  12:35  Hydralisk x6  
  181  12:41  Hydralisk x4  
  185  12:49  Hydralisk x4  
  185  12:50  Hydralisk  
  184  12:56  Roach x3  
  186  12:59  Overseer x2  
  186  13:06  Lurker x6  
  186  13:11  Baneling x6  
  186  13:12  Baneling  
  191  13:17  Zerg Flyer Weapons Level 1  
  191  13:19  Drone x4, Spore Crawler  
  194  13:20  Unknown  
  194  13:21  Hydralisk  
  194  13:22  Hydralisk x3  
  195  13:30  Hydralisk x3  
  194  13:35  Hydralisk x3  
  173  13:51  Hydralisk x9  
  173  13:52  Overseer  
  182  13:59  Hydralisk x4  
  190  14:10  Overlord  
  190  14:13  Hydralisk x4  
  180  14:29  Hydralisk x12  
  190  14:36  Roach  
  190  14:37  Roach x7, Zergling x4  
  174  14:43  Spore Crawler  
  174  14:44  Spore Crawler  
  170  14:46  Roach x5  
  170  14:51  Roach x2  
  170  14:52  Roach, Hatchery  
  185  14:55  Roach x2  
  185  14:57  Roach  
  185  14:59  Roach  
  184  15:10  Roach x6  
  173  15:18  Viper x3  
  154  15:22  Drone  
  154  15:23  Drone  
  154  15:28  Hydralisk x5  
  152  15:29  Unknown  
  152  15:31  Drone x2  
  152  15:32  Drone x2  
  160  15:36  Zerg Ground Armor Level 2  
  156  15:49  Drone x4  
  158  15:50  Roach  
  158  15:51  Roach x5  
  169  16:02  Corruptor x3  
  173  16:05  Corruptor  
  173  16:10  Ravager  
  173  16:11  Overseer  
  174  16:21  Corruptor x2  
  178  16:27  Drone x5  
  178  16:30  Corruptor x2  
  187  16:35  Zerg Flyer Weapons Level 2  
  187  16:38  Extractor x2  
  183  16:40  Corruptor  
  183  16:46  Corruptor  
  187  16:52  Corruptor x2  
  191  17:00  Corruptor x2  
  189  17:02  Overseer  
  183  17:11  Lurker  
  183  17:12  Lurker  
  183  17:14  Drone  
  182  17:22  Corruptor x3  
  184  17:30  Overseer x2  
  184  17:31  Overseer x2  
  184  17:33  Lurker  
  185  17:38  Spine Crawler, Baneling Nest  
  185  17:40  Lurker  
  185  17:41  Spine Crawler  
  183  17:50  Drone  
  183  17:51  Drone x2, Spine Crawler  
  183  17:57  Corruptor x5, Spine Crawler  
  192  17:59  Spine Crawler  
  192  18:00  Spore Crawler  
  189  18:12  Ultralisk Cavern  
  188  18:16  Lurker x3  
  191  18:23  Spine Crawler  
  191  18:24  Drone x4, Spine Crawler x2  
  191  18:25  Drone x4  
  191  18:26  Spine Crawler x2  
  191  18:27  Spine Crawler, Hatchery  
  191  18:28  Overseer  
  185  18:34  Corruptor  
  185  18:35  Corruptor x3  
  193  18:41  Hydralisk  
  193  18:42  Hydralisk x2  
  199  18:55  Zerg Flyer Weapons Level 3  
  199  18:56  Drone  
  199  18:58  Spine Crawler  
  199  19:06  Chitinous Plating  
  199  19:10  Spine Crawler  
  198  19:27  Lurker x2  
  198  19:29  Zerg Ground Armor Level 3  
  198  19:30  Zerg Melee Weapons Level 2  
  198  20:14  Spine Crawler  
  194  20:15  Spine Crawler  
  194  20:16  Drone x4, Overseer x2  
  194  20:19  Spine Crawler  
  194  20:20  Spine Crawler  
  195  20:25  Hydralisk x2, Anabolic Synthesis  
  196  20:44  Hydralisk x7  
  196  20:47  Overseer  
  165  20:58  Corruptor x9  
  169  21:12  Hydralisk x3  
  169  21:13  Hydralisk x16  
  169  21:17  Overlord x3  
  169  21:18  Overlord  
  190  21:27  Overlord x2  
  180  21:33  Overlord x2  
  180  21:36  Viper  
  180  21:37  Viper  
  180  21:39  Overseer x2  
  186  21:41  Drone x3  
  186  21:42  Drone  
  186  21:44  Viper  
  191  21:50  Lurker x2  
  191  21:51  Lurker  
  191  21:53  Overseer  
  194  22:00  Lurker x2  
  196  22:05  Lurker  
  197  22:19  Corruptor  
  197  22:21  Hatchery  
  180  22:30  Drone x8  
  180  22:32  Overseer  
  182  22:43  Hydralisk x4  
  180  23:01  Corruptor  
  180  23:02  Corruptor x3  
  175  23:09  Viper  
  175  23:10  Overlord  
  175  23:11  Drone x3  
  180  23:32  Corruptor x3  
  170  23:47  Hydralisk x3  
  149  23:57  Hydralisk x2  
  144  24:05  Hydralisk  
  144  24:09  Zergling x2  
  123  24:10  Zergling x32  

Tags
 
Add a new tag
Caveats
  • Supply blocks, unpowered buildings, or Contaminate may cause inaccurate times.
  • Supply counts are checked every 10 seconds.